Description

build an adept and a stalker at begining then void rays untill carriers unlock and mass produce carriers

Build Order

Get SALT Encoding   

  14  0:20  Pylon  
  16  0:39  Action (Chrono Boost)  
  16  0:43  Gateway  
  17  0:50  Assimilator  
  20  1:24  Nexus  
  20  1:33  Cybernetics Core  
  21  1:42  Assimilator  
  22  1:52  Pylon  
  26  2:12  Adept (Chrono Boost)  
  27  2:25  Stargate  
  30  2:33  Stalker  
  32  2:40  Action (Chrono Boost)  
  33  2:46  Shield Battery  
  41  3:09  Void Ray (Chrono Boost)  
  43  3:25  Assimilator  
  43  3:26  Assimilator  
  47  3:39  Stargate  
  50  3:45  Pylon (Chrono Boost)  
  50  4:00  Fleet Beacon  
  52  4:10  Forge  
  66  4:45  Photon Cannon  
  68  5:10  Nexus  
  68  5:11  Pylon  
  80  5:41  Photon Cannon  
Spawning Tool Build Advisor. Get it on Overwolf

Go to:

Details

  • Created by: Ayzen
  • Published on: Jan 07, 2026
  • Modified on: Jan 07, 2026
  • Patch: 5.0.11
  • Difficulty: Easy
Show
View Real Time Build Order
Export as new Build Order

Comments (0)

There are no comments. Be the first!

Create an account to comment!